Map: 돌개바람 - 래더 (공허의 유산)

Players

Dark

  • Race: Zerg Zerg
  • Spawn Location: 1:00

INnoVation - Winner!

  • Race: Terran Terran
  • Spawn Location: 5:00

Event: IEM Season 11 - Gyeonggi

VOD

https://youtu.be/zxNfVJMZjYk

Description

Time

  • Played on: Dec. 16, 2016, 12:36 a.m.
  • Length: 6:24

All games in this series

Show
View Real Time Build Order
Export as new Build Order

Dark Zerg 

Build Orders: Hatch First 

Get SALT Encoding   

  12  0:00  Drone  
  13  0:12  Overlord  
  13  0:18  Drone  
  14  0:30  Drone x2  
  14  0:35  Drone  
  17  0:51  Hatchery  
  17  0:54  Drone  
  17  0:58  Drone  
  18  1:05  Extractor  
  17  1:13  Spawning Pool  
  17  1:15  Drone  
  17  1:19  Drone  
  18  1:29  Drone  
  19  1:41  Overlord  
  19  2:00  Queen, Zergling x2  
  19  2:01  Zergling x2  
  23  2:02  Queen  
  23  2:03  Drone  
  23  2:06  Metabolic Boost  
  26  2:11  Zergling x2  
  27  2:17  Drone  
  28  2:23  Drone  
  28  2:29  Drone  
  30  2:33  Overlord  
  30  2:36  Queen  
  32  2:38  Drone  
  33  2:44  Pneumatized Carapace  
  33  2:46  Drone  
  33  2:47  Drone  
  35  2:57  Drone x2  
  37  3:07  Drone, Overlord  
  37  3:08  Drone x2  
  37  3:09  Drone  
  41  3:13  Drone x3  
  45  3:27  Drone  
  45  3:30  Hatchery  
  45  3:34  Queen  
  44  3:36  Queen  
  48  3:41  Overlord  
  48  3:46  Drone x3  
  48  3:47  Drone  
  52  3:51  Overlord  
  52  3:55  Extractor  
  51  3:59  Drone  
  52  4:07  Drone  
  52  4:08  Baneling Nest  
  52  4:09  Drone, Queen  
  53  4:12  Queen  
  57  4:19  Evolution Chamber  
  57  4:20  Zergling x6  
  57  4:21  Zergling x6  
  57  4:23  Drone  
  63  4:25  Drone x2  
  63  4:28  Overlord  
  65  4:32  Overlord  
  64  4:49  Queen x2  
  68  4:55  Drone x2  
  68  4:56  Drone, Zergling x2  
  68  4:57  Zergling x2  
  68  4:59  Baneling x4  
  73  5:03  Drone x2  
  73  5:04  Queen  
  73  5:05  Zergling x6  
  79  5:09  Baneling x4  
  79  5:13  Baneling  
  73  5:29  Overlord  
  73  5:33  Zergling x4  
  73  5:35  Overlord, Zergling x16  
  73  5:40  Zergling x2  
  68  5:50  Zergling x4  
  68  5:52  Zergling x2  
  57  5:57  Zergling x6  
  53  6:17  Spore Crawler x2, Hatchery x2  
Show
View Real Time Build Order
Export as new Build Order

INnoVation Terran - Winner!

Build Orders: Command Center First (CC), Hellion Opening 

Get SALT Encoding   

  12  0:00  SCV  
  13  0:12  SCV  
  14  0:16  Supply Depot  
  14  0:24  SCV  
  15  0:38  SCV  
  16  0:50  SCV  
  17  0:58  Command Center  
  17  1:02  SCV  
  18  1:11  Barracks  
  18  1:14  SCV  
  19  1:20  Refinery  
  19  1:26  SCV  
  19  1:28  Refinery  
  20  1:39  SCV  
  21  1:51  SCV  
  22  1:58  Marine  
  23  2:03  Orbital Command  
  23  2:10  Orbital Command  
  23  2:13  Factory  
  23  2:17  Barracks Reactor  
  23  2:28  SCV  
  24  2:35  SCV  
  25  2:40  Factory, SCV  
  26  2:48  SCV  
  27  2:55  SCV  
  27  2:57  Supply Depot  
  28  3:00  SCV  
  28  3:01  Hellion x2  
  28  3:04  Barracks Reactor  
  33  3:07  SCV  
  33  3:12  SCV  
  35  3:14  Supply Depot  
  35  3:20  SCV  
  35  3:23  Hellion x2  
  35  3:24  SCV  
  41  3:31  Supply Depot  
  41  3:32  SCV  
  42  3:36  SCV  
  43  3:43  Cyclone x2  
  43  3:45  Hellion x2  
  43  3:48  SCV  
  54  3:53  SCV, Supply Depot  
  54  3:55  Supply Depot  
  55  4:06  Cyclone x2  
  61  4:15  Hellion  
  61  4:16  Hellion  
  65  4:19  SCV x2, Armory  
  65  4:22  Supply Depot  
  67  4:31  SCV x2  
  69  4:37  Hellion x2  
  73  4:38  Supply Depot  
  73  4:42  Hellion x2  
  73  4:44  SCV x2  
  79  4:46  Supply Depot  
  79  4:56  SCV x2  
  79  4:58  Cyclone  
  84  5:00  Cyclone  
  87  5:08  Hellion x2  
  87  5:09  SCV x2  
  87  5:14  Supply Depot  
  93  5:22  Command Center  
  85  5:30  SCV  
  85  5:31  SCV  
  85  5:33  Cyclone x2  
  85  5:35  Hellion x2  
  89  5:41  Refinery  
  89  5:42  Refinery  
  87  5:43  SCV x2  
  79  5:55  SCV x2  
  79  5:56  Hellion x2  
  80  6:07  SCV x2  
  86  6:14  Factory  

Tags
 
Add a new tag
Caveats
  • Supply blocks, unpowered buildings, or Contaminate may cause inaccurate times.
  • Supply counts are checked every 10 seconds.